 Dungeon Crawl Stone Soup version 0.29.1-1-gd02db6906a (webtiles) character file.

Game seed: 805000810750184543

348 Icepheonix32 the Caller (level 6, -4/41 HPs)
             Began as a Merfolk Summoner on Oct 9, 2022.
             Slain by a wraith (11 damage)
             ... in an ossuary.
             The game lasted 00:07:37 (3333 turns).

Icepheonix32 the Caller (Merfolk Summoner)          Turns: 3333, Time: 00:07:38

Health: -4/41      AC:  2    Str: 15    XL:     6   Next: 60%
Magic:  5/9        EV: 12    Int: 16    God:
Gold:   150        SH:  0    Dex: 14    Spells: 3/9 levels left

rFire   . . .      SeeInvis .   m - +2 short sword (venom)
rCold   . . .      Faith    .   (no shield)
rNeg    . . .      Spirit   .   a - +0 robe
rPois   .          Reflect  .   (no helmet)
rElec   .          Harm     .   (no cloak)
rCorr   .          Rampage  .   (no gloves)
Will    .....                   (no boots)
Stlth   ++........              (no amulet)
HPRegen 0.13/turn               d - +6 ring of strength
MPRegen 0.11/turn               (no ring)

@: slowed, very slow
A: (nimble swimmer 2), mertail
a: no special abilities


You were in an ossuary.
You visited 1 branch of the dungeon, and saw 5 of its levels.
You also visited: Ossuary.

You collected 150 gold pieces.

Inventory:

Hand Weapons
 e - a +0 trident
 g - a +0 spear
 m - a +2 short sword of venom (weapon)
Missiles
 f - 10 boomerangs
 j - 3 poisoned darts
Armour
 a - a +0 robe (worn)
Magical Staves
 c - a staff of earth
Jewellery
 d - a +6 ring of strength (left hand)
Scrolls
 k - 7 scrolls of identify
 l - a scroll of silence
 n - a scroll of teleportation {unknown}
Potions
 b - a potion of magic
 i - 2 potions of brilliance
 o - a potion of flight
 p - a potion of invisibility {unknown}


   Skills:
 - Level 2.6 Dodging
 - Level 2.1 Stealth
 - Level 2.0 Spellcasting
 + Level 7.7 Summonings


You had 3 spell levels left.
You knew the following spells:

 Your Spells              Type           Power      Damage    Failure   Level
a - Summon Small Mammal   Summ           100%       N/A       1%          1
b - Call Imp              Summ           26%        N/A       1%          2
c - Call Canine Familiar  Summ           26%        N/A       2%          3

Your spell library contained the following spells:

 Spells                   Type           Power      Damage    Failure   Level
 Summon Guardian Golem    Hex/Summ       13%        N/A       13%         3
 Freeze                   Ice            4%         1d3       21%         1
 Frozen Ramparts          Ice            2%         1d1       52%         3
 Summon Lightning Spire   Summ/Air       13%        N/A       38%         4
 Hailstorm                Conj/Ice       1%         3d3       90%         4


Dungeon Overview and Level Annotations

Branches:
Dungeon (5/15)            Ossuary (1/1)
 Temple: D:4-7

Altars:
Elyvilon

Shops:
D:2 =


Innate Abilities, Weirdness & Mutations

((You are very nimble when in or above water. (Stealth+, EV+, Speed+++)))
Your lower body shifts to a powerful aquatic tail in water.


Message History

You open the door.
There is an open door here.
i - 2 potions of brilliance (gained 1)
There is an open door here.
You open the door.
A wraith comes into view.
Found a bubbling coppery potion.
The wraith hits you! The wraith drains your vigour!
You feel yourself slow down. The wraith attacks as you move away!
The wraith hits you!
Your hound bites the wraith but does no damage.
Your hound barely misses the wraith.
Your hound bites the wraith but does no damage.
The wraith hits you.
You hit the wraith but do no damage.
Your hound bites the wraith but does no damage. x2
The wraith hits you! The wraith drains your vigour!
You feel as though you will be slow longer.
Your hound closely misses the wraith.
Unknown command.
Casting: Call Canine Familiar (dangerous; 2% risk of failure)
Confirm with . or Enter, or press ? or * to list all spells.
A beastly little devil appears in a puff of frigid air.
Your hound bites the wraith.
The wraith barely misses your hound.
Your hound bites the wraith but does no damage.
The wraith hits you.
* * * LOW HITPOINT WARNING * * *
The wraith drains your vigour!
You feel as though you will be slow longer.
Unknown command.
Unknown command.
Your hound barely misses the wraith.
Unknown command.
You feel better.
Your hound bites the wraith.
The wraith hits you!
* * * LOW HITPOINT WARNING * * *
The wraith drains your vigour!
You feel as though you will be slow longer.
Your white imp hits the wraith but does no damage.
Your hound bites the wraith.
The wraith hits you!
You die...

...#.#..#.#..#.#........#
........................#
#.......###.......####..#
....8...#.#...8....'.#..#
#.......#'#.......####..# #
........#.#.............###
........................##.
#..####.....####..####..'..
... +...8@..'.#...+ #..'..
#..####..hW.####..####..'..
........5.............##.
......#.#.............###
......#'#.......####..# #
..8...#!#...8.... #..#
......###.......## #..#
.... .......... ...# .#.#
.#..#.#... ...#


You could see a wraith (ally target), a friendly hound (summoned) and a friendly
white imp (summoned).

Vanquished Creatures
  An iguana (D:4)
  2 adders
  A dart slug (D:1)
  2 orcs
  A ball python (D:1)
  4 endoplasms
  2 gnoll zombies (Ossuary)
  2 goblins
  3 hobgoblins (D:2)
  2 jackals (D:2)
  2 bats
  3 frilled lizards (D:2)
  2 goblin zombies (Ossuary)
  A hobgoblin zombie (Ossuary)
  2 kobolds
  2 kobold zombies (Ossuary)
  4 rats
36 creatures vanquished.

Vanquished Creatures (collateral kills)
  A black bear (D:4)
  A phantom (D:4)
  An orc priest (D:5)
  An iguana (D:5)
  A mummy (Ossuary)
  2 dart slugs (D:1)
  9 orcs
  A ball python (D:1)
  An endoplasm (D:1)
  A giant cockroach (D:1)
  2 goblins (D:4)
  4 jackals (D:2)
  A kobold (D:4)
  3 bats
  2 frilled lizards (D:1)
  2 hobgoblin zombies (Ossuary)
  2 kobold zombies (Ossuary)
35 creatures vanquished.

Grand Total: 71 creatures vanquished

Notes
Turn   | Place    | Note
-------+----------+-------------------------------------------
     0 | D:1      | Icepheonix32 the Merfolk Summoner began the quest for the
                  | Orb.
     0 | D:1      | Reached XP level 1. HP: 13/13 MP: 3/3
   316 | D:1      | Reached XP level 2. HP: 19/19 MP: 1/5
   364 | D:1      | Learned a level 2 spell: Call Imp
   629 | D:1      | Reached XP level 3. HP: 16/24 MP: 3/6
   633 | D:1      | Learned a level 3 spell: Call Canine Familiar
   905 | D:2      | Reached skill level 5 in Summonings
  1260 | D:2      | Found a faded altar of an unknown god.
  1401 | D:2      | Found Geluvven's Jewellery Shoppe.
  2259 | D:3      | Reached XP level 4. HP: 24/30 MP: 7/7
  2325 | D:3      | Found a white marble altar of Elyvilon.
  2326 | D:3      | You fall into a shaft and drop 2 floors!
  2326 | D:5      | Entered Level 5 of the Dungeon
  2388 | D:5      | HP: 1/30 [orc/+0 whip (3)]
  2442 | D:5      | Reached skill level 6 in Summonings
  2442 | D:5      | Reached XP level 5. HP: 7/35 MP: 0/8
  2734 | D:5      | Noticed an orc warrior
  2902 | D:4      | Noticed a phantom
  2927 | D:4      | Killed a phantom
  2928 | D:4      | Reached skill level 7 in Summonings
  2934 | D:4      | Noticed a black bear
  2943 | D:4      | Killed a black bear
  2944 | D:4      | Reached XP level 6. HP: 21/41 MP: 5/9
  2976 | D:4      | Found a sand-covered staircase.
  2981 | Ossuary  | Entered an ossuary
  2981 | Ossuary  | Noticed a wraith
  2981 | Ossuary  | Noticed a wraith
  2981 | Ossuary  | Noticed a wraith
  3326 | Ossuary  | Noticed a wraith
  3333 | Ossuary  | Slain by a wraith

Illustrated notes

Levels and vault maps discovered:
D:1:      lightli_arrival_noodles, layout_rooms, supply_closet_lemuel
D:2:      layout_loops_ring, basic_ecumenical_altar, serial_shops, shop_statue
D:3:      layout_loops_ring, nicolae_gozag_seed_capital, amcnicky_altar_gilded,
          dk_vineyard_3
D:4:      layout_cave_pools, enter_ossuary_5, goddamned_bats
D:5:      layout_basic, uniq_ijyb
Ossuary:  ossuary_kennysheep_city_of_the_dead

Skill      XL: |  1  2  3  4  5 |
---------------+----------------+-----
Summonings     | 5 6 7 |  7.7
Dodging        | |  2.6
Stealth        | |  2.1
Spellcasting   | |  2.0

Action                   |  1- 3 |  4- 6 || total
-------------------------+-------+-------++-------
Melee: Unarmed           |     6 |       ||     6
       Spear             |   123 |    34 ||   157
       Punch             |     2 |     4 ||     6
       Short sword       |       |    53 ||    53
Throw: Boomerang         |       |     6 ||     6
       Dart              |       |     1 ||     1
 Cast: Summon Small Mamm |    12 |     5 ||    17
       Call Imp          |    12 |     8 ||    20
       Call Canine Famil |       |    11 ||    11
  Use: Scroll            |     7 |       ||     7
       Potion            |     2 |     4 ||     6
 Stab: Sleeping          |     5 |     2 ||     7
       Distracted        |       |     2 ||     2
Armor: Robe              |    25 |     7 ||    32
Dodge: Dodged            |    91 |    46 ||   137
